 Dungeon Crawl Stone Soup version 0.32-a0-290-g598725c5f2 (webtiles) character file.

Game seed: 8505286159743624137

1443 CougarLife the Geomancer (level 8, -5/41 HPs)
             Began as a Gargoyle Earth Elementalist on Feb 14, 2024.
             Was an Initiate of Vehumet.
             Slain by a yak (12 damage)
             ... on level 4 of the Dungeon.
             The game lasted 00:05:15 (4632 turns).

CougarLife the Geomancer (GrEE)                     Turns: 4632, Time: 00:05:15

Health: -5/41      AC: 15    Str: 11    XL:     8   Next: 74%
Magic:  0/16       EV: 11    Int: 19    God:    Vehumet [......]
Gold:   211        SH:  0    Dex: 10    Spells: 14/18 levels left

rFire   . . .        f - +0 dagger
rCold   . . .        (no shield)
rNeg    + . .        j - +3 leather armour
rPois   ∞            h - +1 helmet
rElec   +            p - +0 cloak
rCorr   .            (no gloves)
SInv    .            t - +0 pair of boots
Will    .....        (no amulet)
Stlth   ++           (no ring)
HPRegen 0.26/turn    (no ring)
MPRegen 0.15/turn

%: no passive effects
@: no status effects
A: sickness immunity, AC +5, negative energy resistance 1, electricity
resistance, torment resistance 1, petrification resistance
a: Renounce Religion


You were on level 4 of the Dungeon.
You worshipped Vehumet.
Vehumet was noncommittal.
You visited 2 branches of the dungeon, and saw 6 of its levels.

You collected 211 gold pieces.

Inventory:

Hand Weapons
 f - a +0 dagger (weapon)
Armour
 h - a +1 helmet (worn)
 j - a +3 leather armour (worn)
 p - a +0 cloak (worn)
 t - a +0 pair of boots (worn)
Jewellery
 l - a ring of wizardry
Wands
 r - a wand of flame (21)
 v - a wand of mindburst (2)
Scrolls
 a - a scroll of teleportation {unknown}
 c - a scroll of immolation
 g - 2 scrolls of enchant weapon {unknown}
 i - 3 scrolls of identify {unknown}
 o - a scroll of revelation {unknown}
 s - a scroll of fear {unknown}
 w - 2 scrolls of vulnerability {unknown}
Potions
 d - 5 potions of curing {unknown}
 e - 2 potions of heal wounds {unknown}
 k - a potion of degeneration {unknown}
 m - 2 potions of enlightenment {unknown}
 n - 2 potions of invisibility {unknown}
 q - a potion of lignification {unknown}
 u - a potion of ambrosia {unknown}


   Skills:
 - Level 1.5 Dodging
 - Level 2.1 Stealth
 + Level 5.9 Spellcasting
 + Level 6.6 Conjurations
 + Level 8.1 Earth Magic


You had 14 spell levels left.
You knew the following spells:

 Your Spells              Type           Power      Damage    Failure   Level
a - Sandblast             Erth           72%        2d16      1%          1
b - Stone Arrow           Conj/Erth      66%        3d11      2%          3

Your spell library contained the following spells:

 Spells                   Type           Power      Damage    Failure   Level
 Passwall                 Erth           36%        N/A       1%          3
 Brom's Barrelling Bould  Conj/Erth      33%        2d5       7%          4
 Ensorcelled Hibernation  Hex/Ice        10%        N/A       22%         2
 Petrify                  Alch/Erth      21%        N/A       28%         4
 Fulminant Prism          Conj/Alch      9%         3d7       36%         4
 Iskenderun's Mystic Bla  Conj/Tloc      18%        2d6       36%         4
 Fugue of the Fallen      Necr           5%         N/A       41%         3
 Volatile Blastmotes      Fire/Tloc      10%        2d10      41%         3
 Anguish                  Hex/Necr       2%         N/A       83%         4
 Animate Dead             Necr           5%         N/A       83%         4
 Haunt                    Necr/Summ      2%         N/A       100%        7
 Infestation              Necr           2%         N/A       100%        8


Dungeon Overview and Level Annotations

Branches:
Dungeon (5/15)             Temple (1/1) D:5

Altars:
Ashenzari
Cheibriados
Dithmenos
Elyvilon
Fedhas
Gozag
Hepliaklqana
Nemelex Xobeh
Qazlal
Sif Muna
Trog
Uskayaw
Vehumet
Wu Jian
Yredelemnul
Zin
The Shining One

Shops:
D:3 (

Annotations:
Temple 2 transporters


Innate Abilities, Weirdness & Mutations

You are immune to sickness and miasma.
Your stone body is resilient. (AC +5)
You are immune to poison.
You resist negative energy. (rN+)
You are resistant to electric shocks. (rElec)
You are resistant to unholy torment.
You are immune to petrification.


Message History

Press: ? - help, Shift-Dir - straight line, f - yak
Aim: a yak (84% to hit)
The stone arrow hits the yak!
The yak is moderately wounded.
The yak gores you.
Casting: Stone Arrow (dangerous; 2% risk of failure)
Confirm with . or Enter, or press ? or * to list all spells.
Aiming: Stone Arrow (dangerous; 2% risk of failure)
Press: ? - help, Shift-Dir - straight line, f/p - yak
Aim: a yak (moderately wounded, 84% to hit)
The stone arrow misses the yak.
The stone arrow hits the endoplasm!
You kill the endoplasm!
Vehumet accepts your kill. The yak gores you.
Casting: Stone Arrow (dangerous; 2% risk of failure)
Confirm with . or Enter, or press ? or * to list all spells.
Aiming: Sandblast (safe; 1% risk of failure)
Press: ? - help, Shift-Dir - straight line, f/p - yak
Aim: a yak (moderately wounded, 90% to hit)
The blast of sand hits the yak.
The yak is heavily wounded.
The yak gores you. x2
* * * LOW HITPOINT WARNING * * *
You barely miss the yak.
The yak is heavily wounded.
The yak gores you but does no damage.
You hit the yak but do no damage.
The yak is moderately wounded.
The yak gores you!
* * * LOW HITPOINT WARNING * * *
The yak attacks as it pursues you! The yak gores you but does no damage.
Casting: Sandblast (safe; 1% risk of failure)
Confirm with . or Enter, or press ? or * to list all spells.
Aiming: Sandblast (safe; 1% risk of failure)
Press: ? - help, Shift-Dir - straight line, f/p - yak
Aim: a yak (moderately wounded, 90% to hit)
The blast of sand hits the yak.
The yak is heavily wounded.
The yak gores you!
You die...

##......# #......# ... ...
#......# ..#.. #......# .....
#......# #...# #..÷...######
#...# ##..#####... #?.. .
##############..#####.#####Y.##.#
................@Y.÷÷.......>...#
##...##.##....#.#####.##.##..####
#...##.##....#.# #........#
#...##.##....#.# #..#.###.#
#...##.##....#.# #..#.# #Y#
#...##.##....#.# ##....# #.#
#...##.#######.## #..#### #.#
#......# #.....# #.## #.#
#....### #.....###.# #.#


You could see a yak.

Vanquished Creatures
  Grinder (D:3)
  5 yaks (D:4)
  Blork the orc (D:4)
  2 bombardier beetles
  A hound (D:4)
  A jelly (D:5)
  Crazy Yiuf (D:3)
  4 iguanas
  An orc wizard (D:5)
  4 adders
  6 dart slugs
  6 orcs (D:5)
  6 ball pythons
  7 endoplasms
  4 giant cockroaches (D:1)
  2 goblins
  5 hobgoblins
  5 jackals
  5 quokkas
  2 bats (D:1)
  2 frilled lizards
  4 kobolds
  5 rats
80 creatures vanquished.

Notes
Turn   | Place    | Note
-------+----------+-------------------------------------------
     0 | D:1      | CougarLife the Gargoyle Earth Elementalist began the quest
                  | for the Orb.
     0 | D:1      | Reached XP level 1. HP: 10/10 MP: 3/3
   167 | D:1      | Reached XP level 2. HP: 15/15 MP: 3/5
   298 | D:1      | Reached skill level 4 in Earth Magic
   435 | D:1      | Reached XP level 3. HP: 15/19 MP: 2/6
  1061 | D:2      | Reached XP level 4. HP: 21/24 MP: 2/8
  1131 | D:2      | Found a faded altar of an unknown god.
  1156 | D:2      | Learned a level 3 spell: Stone Arrow
  2114 | D:3      | Found Jixaav's Antique Weapon Shop.
  2264 | D:3      | Noticed Grinder
  2272 | D:3      | Paralysed by Grinder for 5 turns
  2284 | D:3      | Killed Grinder
  2285 | D:3      | Reached skill level 5 in Earth Magic
  2285 | D:3      | Reached XP level 5. HP: 28/28 MP: 0/10
  2285 | D:3      | Reached XP level 6. HP: 32/32 MP: 0/11
  2404 | D:3      | You fall into a shaft and drop 1 floor!
  2760 | D:4      | Reached skill level 6 in Earth Magic
  2761 | D:4      | Reached XP level 7. HP: 36/36 MP: 9/13
  3151 | D:3      | Found a runed translucent door.
  3152 | D:3      | Noticed Crazy Yiuf
  3525 | D:3      | Killed Crazy Yiuf
  3693 | D:4      | Noticed Blork the orc
  3697 | D:4      | Killed Blork the orc
  3749 | D:4      | Noticed a yak
  3749 | D:4      | Noticed a yak
  3750 | D:4      | Noticed a yak
  3751 | D:4      | Noticed a yak
  3751 | D:4      | Noticed a yak
  3754 | D:4      | Noticed a yak
  3754 | D:4      | Killed a yak
  3755 | D:4      | Reached skill level 5 in Conjurations
  3755 | D:4      | Killed a yak
  3756 | D:4      | Reached skill level 7 in Earth Magic
  3788 | D:5      | Entered Level 5 of the Dungeon
  3897 | D:5      | Reached skill level 5 in Spellcasting
  3897 | D:5      | Reached XP level 8. HP: 29/41 MP: 9/15
  4468 | D:5      | Found a staircase to the Ecumenical Temple.
  4472 | Temple   | Found a transporter.
  4472 | Temple   | Found a transporter.
  4472 | Temple   | Found a transporter.
  4472 | Temple   | Found a transporter.
  4472 | Temple   | Entered the Ecumenical Temple
  4492 | Temple   | Became a worshipper of Vehumet
  4617 | D:4      | Killed a yak
  4623 | D:4      | Killed a yak
  4625 | D:4      | Killed a yak
  4626 | D:4      | Reached skill level 8 in Earth Magic
  4632 | D:4      | Slain by a yak

Illustrated notes

Levels and vault maps discovered:
D:1:      dpeg_arrival_round_b, layout_basic
D:2:      layout_basic, hellmonk_ecumenical_altar_lost_god,
          chequers_serial_rivers_small_b, nicolae_kite_square_tiling_tiny,
          moated_statue
D:3:      layout_basic, serial_shops, nicolae_shop_hallway_plus, uniq_grinder,
          uniq_crazy_yiuf_cottage
D:4:      layout_basic, uniq_blork_the_orc
D:5:      layout_basic, temple_hall_moat
Temple:   hellmonk_temple_divided_pantheon

Skill      XL: |  1  2  3  4  5  6  7  8 |
---------------+-------------------------+-----
Earth Magic    | 4 5 6 7 8 |  8.1
Conjurations   | 2 3 4 5 6 |  6.6
Spellcasting   | 3 4 5 |  5.9
Dodging        | |  1.5
Stealth        | |  2.1

Action                     |  1- 3 |  4- 6 |  7- 9 || total
---------------------------+-------+-------+-------++-------
  Melee: Dagger            |    12 |     1 |     2 ||    15
   Cast: Sandblast         |    36 |    46 |    41 ||   123
         Stone Arrow       |       |     1 |     9 ||    10
  Evoke: Wand              |       |       |     2 ||     2
    Use: Scroll            |       |       |     1 ||     1
         Potion            |       |       |     1 ||     1
 Armour: Robe              |    34 |       |       ||    34
         Leather armour    |       |     6 |    25 ||    31
  Dodge: Dodged            |    18 |     4 |    10 ||    32

Table legend: (Time is in decaauts)
 A = Elapsed time spent in this place.
 B = Non-inter-level travel time spent in this place.
 C = Inter-level travel time spent in this place.
 D = Time resting spent in this place.
 E = Time spent auto-exploring this place.
 F = Levels seen in this place.
 G = Mean time per level.
                   A        B        C        D        E       F      G
               +--------+--------+--------+--------+--------+-----+--------+
         Total |   4692 |   4515 |    177 |    360 |   3552 |   6 |  782.0 |
       Dungeon |   4655 |   4492 |    163 |    360 |   3552 |   5 |  931.0 |
        Temple |     36 |     22 |     14 |      0 |      0 |   1 |   36.0 |
               +--------+--------+--------+--------+--------+-----+--------+

Top non-repeatable levels by time:
     D:3: 1273 daAuts
     D:1: 1061 daAuts
     D:2: 898 daAuts
     D:5: 761 daAuts
     D:4: 661 daAuts
  Temple: 36 daAuts
